 Dungeon Crawl Stone Soup version 0.30-a0-782-ge64f9170bb (webtiles) character file.

Game seed: 2323208777034768490

1712 Bnni the Tainter (level 9, -1/69 HPs)
             Began as a Formicid Venom Mage on Mar 1, 2023.
             Was a Follower of Cheibriados.
             Slain by a wyvern zombie (9 damage)
             ... on level 5 of the Dungeon.
             The game lasted 00:13:42 (7103 turns).

Bnni the Tainter (Formicid Venom Mage)              Turns: 7103, Time: 00:13:42

Health: -1/69      AC: 14    Str: 20    XL:     9   Next: 24%
Magic:  10/13      EV: 10    Int: 22    God:    Cheibriados [*.....]
Gold:   316        SH:  0    Dex: 16    Spells: 4/14 levels left

rFire   . . .      SeeInvis +    t - +1 dagger (protect)
rCold   . . .      Faith    .    (no shield)
rNeg    . . .      Spirit   .    e - +0 scale mail
rPois   .          Reflect  .    (helmet unavailable)
rElec   .          Harm     .    (no cloak)
rCorr   .          Rampage  .    (no gloves)
Will    .....                    (no boots)
Stlth   +                        (no amulet)
HPRegen 0.31/turn                o - +6 ring of intelligence
MPRegen 0.13/turn                (no ring)

@: under a protective aura, very slow
A: permanent stasis, dig shafts and tunnels, antennae 3, four strong arms
a: Dig, Shaft Self, Renounce Religion, Bend Time


You were on level 5 of the Dungeon.
You worshipped Cheibriados.
Cheibriados was aware of your devotion.
You visited 2 branches of the dungeon, and saw 6 of its levels.

You collected 316 gold pieces.

Inventory:

Hand Weapons
 t - a +1 dagger of protection (weapon)
Armour
 e - a +0 scale mail (worn)
 u - a +0 chain mail
Jewellery
 o - a +6 ring of intelligence (left hand)
Scrolls
 a - a scroll of amnesia {unknown}
 f - 3 scrolls of immolation {unknown}
 g - a scroll of noise {unknown}
 h - a scroll of enchant armour {unknown}
 i - 2 scrolls of fear {unknown}
 l - 2 scrolls of fog {unknown}
 p - a scroll of poison
 r - a scroll of torment {unknown}
 v - a scroll of blinking {unknown}
Potions
 b - a potion of magic
 c - a potion of mutation
 d - a potion of berserk rage {unknown}
 j - 4 potions of attraction
 m - a potion of ambrosia {unknown}
 q - 4 potions of lignification {unknown}
 x - a potion of cancellation {unknown}
 z - a potion of brilliance {unknown}


   Skills:
 + Level 5.9 Fighting
 + Level 3.8 Armour
 - Level 1.7 Dodging
 - Level 2.4 Stealth
 - Level 3.0 Spellcasting
 - Level 1.1 Transmutations
 * Level 11.0 Poison Magic
 + Level 4.1 Invocations


You had 4 spell levels left.
You knew the following spells:

 Your Spells              Type           Power      Damage    Failure   Level
a - Sting                 Tmut/Pois      100%       1d8       3%          1
b - Poisonous Vapours     Pois/Air       54%        N/A       5%          2
c - Mephitic Cloud        Conj/Pois/Air  19%        N/A       22%         3
d - Olgreb's Toxic Radia  Pois           51%        N/A       3%          4

Your spell library contained the following spells:

 Spells                   Type           Power      Damage    Failure   Level
 Spider Form              Tmut/Pois      30%        N/A       9%          3
 Ensorcelled Hibernation  Hex/Ice        6%         N/A       45%         2
 Frozen Ramparts          Ice            6%         1d1       71%         3
 Ice Form                 Ice/Tmut       5%         N/A       95%         4
 Anguish                  Hex/Necr       1%         N/A       98%         4
 Summon Ice Beast         Ice/Summ       3%         N/A       98%         4


Dungeon Overview and Level Annotations

Branches:
Dungeon (5/15)             Temple (1/1) D:4

Altars:
Ashenzari
Cheibriados
Dithmenos
Elyvilon
Fedhas
Gozag
Hepliaklqana
Kikubaaqudgha
Makhleb
Nemelex Xobeh
Okawaru
Qazlal
Ru
Sif Muna
Trog
Uskayaw
Vehumet
Wu Jian
Xom
Yredelemnul
Zin
The Shining One


Innate Abilities, Weirdness & Mutations

You cannot be hasted, slowed, berserked, paralysed or teleported.
You can dig through walls and to a lower floor.
You have a pair of large antennae on your head. (SInv)
Your four strong arms can wield two-handed weapons with a shield.


Message History

The wyvern zombie is heavily damaged.
A nearby plant withers and dies.
The wyvern zombie bites you. The wyvern zombie closely misses you.
Aiming: Throw Flame
Press: ? - help, Shift-Dir - straight line, f/p - wyvern zombie
Aim: a wyvern zombie (heavily damaged, 89% to hit)
The puff of flame hits the wyvern zombie.
The wyvern zombie is severely damaged.
The wyvern zombie bites you.
Aiming: Throw Flame
Press: ? - help, Shift-Dir - straight line, f/p - wyvern zombie
Aim: a wyvern zombie (severely damaged, 89% to hit)
The puff of flame hits the wyvern zombie.
The wyvern zombie is severely damaged.
The wyvern zombie closely misses you.
You barely miss the wyvern zombie.
The wyvern zombie is severely damaged.
The wyvern zombie bites you!
* * * LOW HITPOINT WARNING * * *
The wyvern zombie barely misses you.
You barely miss the wyvern zombie.
The wyvern zombie is severely damaged.
The wyvern zombie closely misses you.
Aiming: Throw Flame
Press: ? - help, Shift-Dir - straight line, f/p - wyvern zombie
Aim: a wyvern zombie (severely damaged, 89% to hit)
The puff of flame hits the wyvern zombie.
The wyvern zombie is almost destroyed.
The now-empty wand crumbles to dust.
The wyvern zombie misses you.
Okay, then.
Okay, then.
The flow of time bends around you.
Cheibriados rebukes the wyvern zombie.
The wyvern zombie seems to slow down.
The wyvern zombie bites you.
* * * LOW HITPOINT WARNING * * *
You hit the wyvern zombie.
Your weapon exudes an aura of protection.
The wyvern zombie is almost destroyed.
The wyvern zombie bites you!
You die...

#.#..)###############
#.#.............# ####
#.#...[..######.### #...
#########.#.....########..# #...
..........#.....#......##.# #...
###########.....#..Z....#.# #...
.[........#...###.......#.# #...
.#[######.#...P####..PP.#.####...
.#.# #.#.#...@Z.._P..#....'...
.#.######.#.##P####.PPP.######...
.#........#.#### .......#....'...
.##########.# #.......######...
............# #......##.# #...
############# ##########.# ###'
#.#.# #.# #. ################.#.#
#.# #. .................#.####
#.# #.


You could see a wyvern zombie (slow).

Vanquished Creatures
  Sigmund (D:3)
  Eustachio (D:4)
  A water moccasin (D:3)
  2 ogres (D:4)
  5 necrophages
  A water moccasin zombie (D:5)
  3 scorpions
  A bullfrog zombie (D:5)
  3 hounds
  A gnoll bouda (D:4)
  2 jellies (D:4)
  An orc wizard (D:4)
  2 iguanas
  Natasha (thrice) (D:2)
  2 howler monkey zombies (D:5)
  4 gnolls (D:4)
  10 adders
  2 worms
  2 dart slugs
  12 orcs
  7 ball pythons
  2 endoplasms
  5 giant cockroaches
  11 goblins
  2 hobgoblins
  2 jackals (D:2)
  3 quokkas
  4 bats
  4 frilled lizards
  3 kobolds
  17 rats
119 creatures vanquished.

Vanquished Creatures (others)
  3 bushes (D:5)
  9 plants (D:5)
12 creatures vanquished.

Grand Total: 131 creatures vanquished

Notes
Turn   | Place    | Note
-------+----------+-------------------------------------------
     0 | D:1      | Bnni the Formicid Venom Mage began the quest for the Orb.
     0 | D:1      | Reached XP level 1. HP: 13/13 MP: 3/3
   259 | D:1      | Reached XP level 2. HP: 20/20 MP: 3/5
   776 | D:2      | Reached skill level 1 in Fighting
   776 | D:2      | Reached XP level 3. HP: 25/26 MP: 0/6
   907 | D:2      | Reached skill level 5 in Poison Magic
  1064 | D:2      | Found a burning altar of Makhleb.
  1092 | D:2      | Noticed Natasha
  1099 | D:2      | Reached XP level 4. HP: 32/32 MP: 4/8
  1184 | D:2      | Killed Natasha
  1188 | D:2      | Learned a level 2 spell: Poisonous Vapours
  1191 | D:2      | Noticed Natasha
  1193 | D:2      | Learned a level 4 spell: Olgreb's Toxic Radiance
  1215 | D:2      | Killed Natasha
  1216 | D:2      | Reached XP level 5. HP: 11/38 MP: 1/9
  1665 | D:2      | Noticed Natasha
  1671 | D:2      | Killed Natasha
  1672 | D:2      | Reached skill level 6 in Poison Magic
  1811 | D:2      | Learned a level 3 spell: Mephitic Cloud
  2627 | D:3      | Noticed Sigmund
  2645 | D:3      | Killed Sigmund
  2646 | D:3      | Reached skill level 7 in Poison Magic
  2646 | D:3      | Reached XP level 6. HP: 16/47 MP: 1/10
  3251 | D:3      | Noticed a water moccasin
  3265 | D:3      | Killed a water moccasin
  3266 | D:3      | Reached skill level 8 in Poison Magic
  3266 | D:3      | Reached XP level 7. HP: 13/54 MP: 7/11
  3675 | D:4      | Found a bloodstained altar of Trog.
  3678 | D:4      | Found a glowing golden altar of the Shining One.
  3786 | D:4      | Reached skill level 1 in Invocations
  3865 | D:4      | Noticed Eustachio
  3875 | D:4      | Killed Eustachio
  3876 | D:4      | Reached skill level 1 in Armour
  3876 | D:4      | Reached skill level 9 in Poison Magic
  3876 | D:4      | Reached XP level 8. HP: 56/61 MP: 3/12
  4224 | D:4      | Found a staircase to the Ecumenical Temple.
  4233 | Temple   | Entered the Ecumenical Temple
  4333 | Temple   | Became a worshipper of Cheibriados the Contemplative
  4432 | D:4      | Reached skill level 5 in Fighting
  4802 | D:4      | Reached skill level 10 in Poison Magic
  5191 | D:5      | Entered Level 5 of the Dungeon
  5551 | D:5      | Reached * piety under Cheibriados
  6049 | D:5      | Reached XP level 9. HP: 66/68 MP: 8/13
  6174 | D:5      | Found a blossoming altar of Fedhas.
  6526 | D:5      | Found a glowing silver altar of Zin.
  7067 | D:5      | Reached skill level 11 in Poison Magic
  7103 | D:5      | Slain by a wyvern zombie

Illustrated notes

Levels and vault maps discovered:
D:1:      saegor_arrival_simple_d, layout_basic
D:2:      layout_basic, basic_altar, minmay_rat_gold_closets, uniq_natasha
D:3:      layout_loops_ring, nrook_mini_vaults, minmay_divided_ellipse,
          uniq_sigmund
D:4:      layout_loops_ring, nicolae_overflow_squiral, minmay_temple_entry_grid,
          uniq_eustachio
D:5:      mumra_celtic_spiral_tile, layout_basic, mainiacjoe_overflow_alcove_2,
          fedhas_altar_decomposition
Temple:   minmay_temple_bridge_d

Skill      XL: |  1  2  3  4  5  6  7  8  9 |
---------------+----------------------------+-----
Fighting       | 1 2 3 4 5 |  5.9
Poison Magic   | 5 7 8 9 10 11 | 11.0
Spellcasting   | 3 |  3.0
Invocations    | 1 3 4 |  4.1
Armour         | 1 3 |  3.8
Dodging        | |  1.7
Stealth        | |  2.4
Transmutations | |  1.1

Action                     |  1- 3 |  4- 6 |  7- 9 || total
---------------------------+-------+-------+-------++-------
  Melee: Unarmed           |     4 |       |       ||     4
         Dagger            |    41 |    92 |   307 ||   440
         Punch             |       |       |     4 ||     4
   Cast: Sting             |    35 |    43 |     2 ||    80
         Poisonous Vapours |       |    19 |    40 ||    59
         Olgreb's Toxic Ra |       |     3 |     7 ||    10
         Mephitic Cloud    |       |       |     4 ||     4
 Invoke: Bend Time         |       |       |     1 ||     1
  Evoke: Wand              |       |     6 |    15 ||    21
    Use: Scroll            |       |     5 |     3 ||     8
         Potion            |       |       |     2 ||     2
   Stab: Confused          |       |       |     3 ||     3
 Armour: Robe              |    12 |     6 |    46 ||    64
         Leather armour    |       |       |     4 ||     4
         Scale mail        |       |       |    70 ||    70
  Dodge: Dodged            |    57 |    61 |   155 ||   273

Table legend: (Time is in decaauts)
 A = Elapsed time spent in this place.
 B = Non-inter-level travel time spent in this place.
 C = Inter-level travel time spent in this place.
 D = Time resting spent in this place.
 E = Time spent auto-exploring this place.
 F = Levels seen in this place.
 G = Mean time per level.
                   A        B        C        D        E       F      G
               +--------+--------+--------+--------+--------+-----+--------+
         Total |   7729 |   7369 |    360 |    645 |   5511 |   6 | 1288.2 |
       Dungeon |   7532 |   7301 |    231 |    645 |   5450 |   5 | 1506.4 |
        Temple |    196 |     67 |    129 |      0 |     61 |   1 |  196.0 |
               +--------+--------+--------+--------+--------+-----+--------+

Top non-repeatable levels by time:
     D:5: 2328 daAuts
     D:4: 1691 daAuts
     D:3: 1681 daAuts
     D:2: 1123 daAuts
     D:1: 708 daAuts
  Temple: 196 daAuts
